 Dungeon Crawl Stone Soup version 0.15-a0-1403-g2cecdf4 (webtiles) character file.

100 PolkaDot the Ruinous (level 4, -2/30 HPs)
             Began as a Vampire Conjurer on June 11, 2014.
             Slain by an orc
             ... wielding a +0,+3 hand axe
              (12 damage)
             ... on Level 4 of the Dungeon.
             The game lasted 00:03:19 (740 turns).

PolkaDot the Ruinous (Vampire Conjurer)              Turns: 740, Time: 00:03:19

HP  -2/30        AC  2     Str  7      XL: 4   Next: 46%
MP   6/16        EV 12     Int 18      God:
Gold 90          SH  0     Dex 14      Spells:  2 memorised,  4 levels left

rFire  . . .     SeeInvis +     e - +0 dagger (venom)
rCold  . . .     Clarity  .     a - +0 robe
rNeg   . . .     rCorr    .     (no shield)
rPois  .         rRot     .     (no helmet)
rElec  .         Spirit   .     (no cloak)
SustAb .         Warding  .     (no gloves)
rMut   .         Stasis   .     (no boots)
Gourm  .                        (no amulet)
MR     .....                    (no ring)
                                p - ring of magical power

@: regenerating quickly, not resistant to hostile enchantments, unstealthy
A: fangs 3, see invisible, unbreathing
a: no special abilities


You were on level 4 of the Dungeon.
You were full.

You visited 1 branch of the dungeon, and saw 3 of its levels.

You collected 90 gold pieces.

Inventory:

Hand weapons
 e - a +0,+0 dagger of venom (weapon)
Armour
 a - a +0 robe (worn)
Scrolls
 d - a scroll of magic mapping {unknown}
 g - a scroll of identify {unknown}
 h - 3 scrolls of teleportation {unknown}
 i - a scroll of blinking {unknown}
 m - a scroll of remove curse {unknown}
 n - a scroll of noise {unknown}
 o - a scroll of recharging {unknown}
Jewellery
 p - a ring of magical power (left hand)
Potions
 b - a potion of blood {@w2}
 f - a potion of degeneration {unknown}
 j - 2 potions of might {unknown}
 k - a potion of heal wounds {unknown}
 l - a potion of resistance {unknown}
Books
 c - a book of Conjurations

   Spells                             Type                      Level
   *Magic Dart                        Conjuration                  1
   *Searing Ray                       Conjuration                  2
   Dazzling Spray                     Conjuration/Hexes            3
   Fulminant Prism                    Conjuration/Hexes            4
   Iskenderun's Mystic Blast          Conjuration                  4
   Iskenderun's Battlesphere          Conjuration/Charms           5


   Skills:
 - Level 2.1 Dodging
 - Level 3.0 Stealth
 - Level 2.1 Spellcasting
 * Level 4.4 Conjurations


You had 4 spell levels left.
You knew the following spells:

 Your Spells              Type           Power        Failure   Level  Hunger
a - Magic Dart            Conj           ###.         3%          1    #......
s - Searing Ray           Conj           ###...       6%          2    ##.....


Dungeon Overview and Level Annotations

Branches:
Dungeon (4/15)
 Temple: D:4-7

Altars:
Xom


Innate Abilities, Weirdness & Mutations

Your natural rate of healing is unusually fast.
You have razor-sharp teeth.*
You have supernaturally acute eyesight.
You can survive without breathing.*


Message History

Aim: an orc wizard, wielding a short sword and wearing a robe The searing ray hits the orc wizard.
The orc wizard is moderately wounded.
The orc wizard barely misses you. The orc hits you with a hand axe.
The orc barely misses you.
The searing ray hits the orc wizard.
The orc wizard is severely wounded.
* * * LOW MAGIC WARNING * * *
The orc wizard hits you with a short sword.
The orc closely misses you. The orc hits you with a dagger.
* * * LOW HITPOINT WARNING * * *
The searing ray hits the orc wizard.
You kill the orc wizard!
* * * LOW MAGIC WARNING * * *
The orc barely misses you. The orc closely misses you.
You hit the orc.
The orc is poisoned.
The orc is moderately wounded.
The orc barely misses you.
You completely miss the orc. The orc hits you with a hand axe!
You die...

#...##..###..#
#....#.......#
#.......######
##......#
#......#
#......####
#####.....#
#.........#
#......o@o#
#......##o..#
........ ...#
####...#<..#
#... .....
.... ..##.. #
# ..# . ... .


You could see 3 orcs.

Vanquished Creatures
  A hound (D:4)
  An orc priest (D:4)
  An orc wizard (D:4)
  A ball python (D:1)
  5 hobgoblins (D:1)
  A kobold (D:1)
  A giant cockroach (D:1)
  A giant newt (D:1)
  6 goblins (D:1)
  5 rats (D:1)
23 creatures vanquished.

Notes
Turn   | Place    | Note
--------------------------------------------------------------
     0 | D:1      | PolkaDot, the Vampire Conjurer, began the quest for the Orb.
     0 | D:1      | Reached XP level 1. HP: 13/13 MP: 3/3
   120 | D:1      | Reached XP level 2. HP: 19/19 MP: 1/4
   155 | D:1      | Learned a level 2 spell: Searing Ray
   620 | D:2      | Found a shimmering altar of Xom.
   627 | D:2      | You fall through a shaft for 2 floors!
   731 | D:4      | Reached XP level 3. HP: 16/24 MP: 6/6
   733 | D:4      | Reached skill level 4 in Conjurations
   733 | D:4      | Reached XP level 4. HP: 20/30 MP: 7/7
   740 | D:4      | Slain by an orc

Action                   |  1- 3 |  4- 6 || total
-------------------------+-------+-------++-------
Melee: Dagger            |    36 |     3 ||    39
 Cast: Magic Dart        |    13 |       ||    13
       Searing Ray       |     1 |     1 ||     2
 Stab: Distracted        |     1 |       ||     1
       Sleeping          |     1 |       ||     1
